 Dungeon Crawl Stone Soup version 0.17-a0-1849-g8a24fa2 (webtiles) character file.

870 Eptagon the Basher (level 8, -1/46 HPs)
             Began as a Gargoyle Fighter on Sept 18, 2015.
             Slain by an orc priest (2 damage)
             ... on level 4 of the Dungeon.
             The game lasted 00:11:18 (4106 turns).

Eptagon the Basher (Gargoyle Fighter)               Turns: 4106, Time: 00:11:18

Health: -1/46      AC: 13    Str: 20    XL:     8   Next: 3%
Magic:  8/8        EV:  7    Int: 14    God:
Gold:   363        SH:  9    Dex: 10    Spells: 0 memorised, 7 levels left

rFire  . . .     SeeInvis .     a - +0 flail
rCold  . . .     Clarity  .     b - +1 scale mail
rNeg   + . .     SustAt   .     c - +0 shield
rPois  ∞         Gourm    .     (no helmet)
rElec  +         Spirit   .     (no cloak)
rCorr  .         Warding  .     (no gloves)
rMut   .         Stasis   .     (no boots)
MR     .....                    (no amulet)
Stlth  ..........               (no ring)
                                o - +4 ring of intelligence

@: not resistant to hostile enchantments, extremely unstealthy
A: negative energy resistance 1, electricity resistance, unbreathing,
petrification resistance, rot immunity, AC +5
a: no special abilities


You were on level 4 of the Dungeon.
You were not hungry.

You visited 1 branch of the dungeon, and saw 4 of its levels.
You also visited: Sewer.

You collected 363 gold pieces.

Inventory:

Hand weapons
 a - a +0 flail (weapon)
Armour
 b - a +1 scale mail (worn)
 c - a +0 shield (worn)
Jewellery
 o - a +4 ring of intelligence (left hand)
Scrolls
 f - a scroll of enchant armour
 j - 2 scrolls of immolation {unknown}
 k - 3 scrolls of teleportation
 m - 5 scrolls of remove curse {unknown}
 q - 2 scrolls of recharging {unknown}
 t - a scroll of magic mapping {unknown}
 u - a scroll of enchant weapon {unknown}
 x - 2 scrolls of identify
Potions
 d - 4 potions of might
 h - 4 potions of flight
 l - a potion of haste
 n - 2 potions of brilliance
 p - 4 potions of curing {unknown}
 r - a potion of poison
 w - a potion of heal wounds {unknown}
Comestibles
 e - 3 bread rations
 g - a slice of pizza
 i - 12 fruits
 s - 3 chunks of flesh
 v - a beef jerky


   Skills:
 - Level 3.2 Fighting
 + Level 9.1 Maces & Flails
 - Level 3.2 Armour
 - Level 3.2 Shields


You had 7 spell levels left.
You didn't know any spells.

Dungeon Overview and Level Annotations

Branches:
Dungeon (4/15)
 Temple: D:4-7

Altars:
Fedhas


Innate Abilities, Weirdness & Mutations

You are resistant to torment.
Your stone body is resilient (AC +5).
You are immune to poison.
You resist negative energy.
You are resistant to electric shocks.
You can survive without breathing.
You are immune to petrification.
You are immune to rotting.


Message History

You block the orc's attack.
You barely miss the orc priest.
The orc priest is moderately wounded.
You block the orc's attack. You block the orc priest's attack.
You block the orc's attack. The orc hits you but does no damage.
You hit the orc priest.
The orc priest is severely wounded.
The orc priest mumbles some strange prayers to Beogh against you.
Something smites you!
* * * LOW HITPOINT WARNING * * *
You completely miss the orc priest.
The orc priest is severely wounded.
You block the orc's attack. The orc hits you but does no damage.
The orc priest mumbles some strange prayers to Beogh against you.
Something smites you!
* * * LOW HITPOINT WARNING * * *
Drink which item? (? for menu, Esc to quit)
It was a potion of poison.
You feel slightly nauseous. The orc hits you but does no damage.
The orc priest hits you.
You die...

...###...# #
..............#...
#..# #...###..
###..##........##
#.............
#[.##5.#...####
..............#
#).##55##..# #
###............#
#.<##r....## # #....
....###[.#...##..# #
....
#..#.....#####.## #
..( #..o.##.)# #..###
##@#####.## ##..#.
#....oo# #..####...#.
###..... #...........
##..... #...o.####.#
.#........#..## #.#
..##...#..###..####..
#. #..##.. #........
#. ...##..# ##.......
#.. #..#####.


You could see an orc priest and 2 orcs.

Vanquished Creatures
  Eustachio (D:3)
  Menkaure (D:4)
  The ghost of Sychopol the Shield-Bearer, an average GrFi (Sewer)
  An ogre (D:4)
  3 orc wizards
  A worker ant (D:4)
  Terence (D:3)
  A siren (Sewer)
  A merfolk avatar (Sewer)
  8 adders
  A river rat (Sewer)
  4 gnolls
  An adder skeleton (D:4)
  2 worms (D:3)
  13 orcs
  6 ball pythons (Sewer)
  3 hobgoblins (D:3)
  5 jackals (D:3)
  4 kobolds
  A quokka (D:2)
  7 bats
  9 giant cockroaches
  7 giant geckos
  8 giant newts
  10 goblins
  30 rats
130 creatures vanquished.

Notes
Turn   | Place    | Note
--------------------------------------------------------------
     0 | D:1      | Eptagon the Gargoyle Fighter began the quest for the Orb.
     0 | D:1      | Reached XP level 1. HP: 14/14 MP: 1/1
   327 | D:1      | Reached XP level 2. HP: 17/19 MP: 2/2
   616 | D:2      | Reached XP level 3. HP: 14/23 MP: 3/3
   892 | D:2      | Reached skill level 4 in Maces & Flails
   892 | D:2      | Reached XP level 4. HP: 25/28 MP: 4/4
  1528 | D:3      | Noticed Terence
  1544 | D:3      | Killed Terence
  1544 | D:3      | Reached skill level 5 in Maces & Flails
  1544 | D:3      | Reached XP level 5. HP: 25/32 MP: 5/5
  1571 | D:3      | Found a glowing drain.
  1627 | Sewer    | Entered a sewer
  2189 | Sewer    | Reached skill level 6 in Maces & Flails
  2202 | Sewer    | Reached XP level 6. HP: 26/37 MP: 6/6
  2204 | Sewer    | Noticed Sychopol's ghost (average GrFi)
  2235 | Sewer    | Killed Sychopol's ghost
  2599 | D:3      | Reached skill level 7 in Maces & Flails
  2694 | D:3      | Found a blossoming altar of Fedhas.
  2700 | D:3      | Reached XP level 7. HP: 41/41 MP: 7/7
  3087 | D:4      | Noticed Eustachio
  3507 | D:4      | Noticed Menkaure
  3554 | D:4      | Killed Menkaure
  3554 | D:4      | Reached skill level 8 in Maces & Flails
  4022 | D:3      | Killed Eustachio
  4022 | D:3      | Reached skill level 9 in Maces & Flails
  4022 | D:3      | Reached XP level 8. HP: 39/46 MP: 8/8
  4105 | D:4      | HP: 1/46 [orc priest/divine providence (11)]
  4106 | D:4      | Slain by an orc priest

Vault maps used:
D:1:      dpeg_arrival_tiny_i
D:3:      gup_sewer_entry_glass, first_bread, minmay_bad_closet,
          fedhas_altar_fruit_tree, uniq_terence
D:4:      serial_shops, nicolae_shop_stone, nicolae_tso_carved_into_rock,
          uniq_robin, uniq_menkaure, uniq_eustachio
Sewer:    sewer_sea

Action                   |  1- 3 |  4- 6 |  7- 9 || total
-------------------------+-------+-------+-------++-------
Melee: Flail             |    84 |   315 |   170 ||   569
  Use: Scroll            |       |     5 |       ||     5
       Potion            |       |     1 |     1 ||     2
  Eat: Chunk             |       |     7 |     5 ||    12
